 Dungeon Crawl Stone Soup version 0.31-a0-188-g5e087ee2ca (webtiles) character file.

Game seed: 14602164183198886037

3037 qw the Skirmisher (level 9, -1/52 HPs)
             Began as a Deep Elf Hunter on June 22, 2023.
             Was a Follower of Okawaru.
             Slain by a yak (6 damage)
             ... on level 8 of the Dungeon.
             The game lasted 00:02:37 (5209 turns).

qw the Skirmisher (Deep Elf Hunter)                 Turns: 5209, Time: 00:02:38

Health: -1/52      AC: 11    Str: 16    XL:     9   Next: 56%
Magic:  13/14      EV: 18    Int: 15    God:    Okawaru [*.....]
Gold:   1861       SH:  0    Dex: 20    Spells: 8/8 levels left

rFire   . . .        Y - +3 shortbow
rCold   . . .        (shield currently unavailable)
rNeg    . . .        f - +0 ring mail
rPois   .            g - +0 helmet
rElec   .            (no cloak)
rCorr   .            (no gloves)
SInv    .            (no boots)
Will    .....        i - amulet of regeneration
Stlth   +++          e - +6 ring of strength
HPRegen 1.08/turn    a - +4 ring of protection
MPRegen 0.14/turn

%: no passive effects
@: heroic
A: no striking features
a: Renounce Religion, Heroism


You were on level 8 of the Dungeon.
You worshipped Okawaru.
Okawaru was aware of your devotion.
You visited 2 branches of the dungeon, and saw 9 of its levels.
You also visited: Sewer.

You collected 1861 gold pieces.


   Skills:
 + Level 4.4(9.4) Fighting
 - Level 14.0(19.0) Ranged Weapons
 - Level 1.5(6.5) Armour
 - Level 7.0(12.0) Dodging
 - Level 1.2(6.2) Stealth
 - Level 4.0 Invocations


You had 8 spell levels left.
You didn't know any spells.
Your spell library was empty.

Inventory:

Hand Weapons
 Y - a +3 shortbow (weapon)
Armour
 f - a +0 ring mail (worn)
 g - a +0 helmet (worn)
Jewellery
 a - a +4 ring of protection (right hand)
 e - a +6 ring of strength (left hand)
 i - an amulet of regeneration (around neck)
Scrolls
 d - 3 scrolls of identify
Potions
 b - 5 potions of enlightenment
 c - 3 potions of curing
 j - a potion of haste

Dungeon Overview and Level Annotations

Branches:
Dungeon (8/15)             Temple (1/1) D:4           Sewer (visited)
   Lair: D:8-11

Altars:
Ashenzari
Cheibriados
Dithmenos
Fedhas
Hepliaklqana
Kikubaaqudgha
Makhleb
Nemelex Xobeh
Okawaru
Qazlal
Sif Muna
Trog
Uskayaw
Vehumet
Wu Jian
Xom
Zin
The Shining One

Shops:
D:1 :

Annotations:
D:3 1 runed translucent door, qw's ghost, amateur DEHu


Message History

The yak gores you but does no damage. The yak gores you!
You shoot an arrow. The arrow hits the yak.
The yak is heavily wounded.
The yak gores you. The yak barely misses you.
You shoot an arrow. The arrow hits the yak!
The yak is severely wounded.
You hear a bellow!
The yak closely misses you. The yak gores you.
5199 ||| INVOKING Heroism.
You gain the combat prowess of a mighty hero.
The yak closely misses you. The yak gores you!
You shoot an arrow. The arrow hits the yak!
You kill the yak!
Okawaru accepts your kill. The yak gores you!
Your base Dodging skill increases to level 7!
You shoot an arrow. The arrow hits the yak!
The yak is moderately wounded.
You shoot an arrow. The arrow hits the yak!
The yak is heavily wounded.
A yak comes into view.
You shoot an arrow. The arrow hits the yak.
The yak is severely wounded.
The yak barely misses you. The yak misses you.
You shoot an arrow. The arrow barely misses the yak.
The yak gores you. x2
You shoot an arrow. The arrow hits the yak!
The yak is almost dead.
The yak closely misses you. The yak gores you!
You shoot an arrow. The arrow barely misses the yak.
You shoot an arrow. The arrow hits the yak!
You kill the yak!
Okawaru accepts your kill. The yak gores you.
You shoot an arrow. The arrow closely misses the yak.
The yak closely misses you.
You shoot an arrow.
The arrow hits the yak but does no damage.
The yak gores you.
You die...

#.[...# ##....)##
#.......####
#.##...>...#
#[##.##.##.#
#####.##.##.##.###
#
#........##.......
.¤.
#.###.#..##[##.###
#¤^#@###.......##.#
#.YY.%............#
#.##.##........####
# #.###....#..#
#........#..#
#####.......#
#.[.....# ###..)###
#...#


You could see 2 yaks.

Vanquished Creatures
  Pikel (D:6)
  2 yaks (D:8)
  2 ice beasts
  2 orc warriors
  A black bear (D:5)
  An ogre (D:5)
  3 phantoms
  3 kobold brigands
  4 bullfrogs (D:7)
  2 scorpions
  A crimson imp (D:3)
  4 orc priests
  5 hounds
  2 jellies
  A gnoll bouda (D:7)
  A sleepcap (D:6)
  2 iguanas (D:5)
  4 orc wizards
  8 adders
  10 gnolls
  2 river rats (Sewer)
  2 shadow imps (D:7)
  3 white imps
  A worm (D:2)
  4 dart slugs
  8 orcs
  5 ball pythons
  16 endoplasms
  3 giant cockroaches
  17 goblins
  10 hobgoblins
  A jackal (Sewer)
  15 kobolds
  3 quokkas
  7 bats
  2 frilled lizards
  A goblin skeleton (D:3)
  2 goblin zombies (D:3)
  4 hobgoblin zombies (D:3)
  2 kobold zombies (D:3)
  2 orc zombies (D:3)
  7 rats
176 creatures vanquished.

Notes
Turn   | Place    | Note
-------+----------+-------------------------------------------
     0 | D:1      | qw the Deep Elf Hunter began the quest for the Orb.
     0 | D:1      | Reached XP level 1. HP: 12/12 MP: 3/3
     0 | D:1      | 0 ||| qw: Version: 0.3-a-9-g12657ce
     0 | D:1      | 0 ||| qw: Game counter: 2795
     0 | D:1      | 0 ||| qw: Always use a shield: true
     0 | D:1      | 0 ||| qw: God list: Okawaru
     0 | D:1      | 0 ||| qw: Allow faded altars: false
     0 | D:1      | 0 ||| qw: Do Orc after D:15 true
     0 | D:1      | 0 ||| qw: Do second Lair branch before Depths: true
     0 | D:1      | 0 ||| qw: Lair rune preference: random
     0 | D:1      | 0 ||| qw: Plans: Normal
     0 | D:1      | 0 ||| PLANNING D:1-11
   170 | D:1      | Reached XP level 2. HP: 16/16 MP: 4/4
   183 | D:1      | Reached skill level 6 in Ranged Weapons
   472 | D:1      | Found Genuj's Book Shop.
   495 | D:1      | Reached XP level 3. HP: 20/20 MP: 5/5
   838 | D:1      | 838 ||| UPGRADING to +6 ring of strength.
   839 | D:1      | 839 ||| READING scroll labelled MIERYL CALIYT.
   840 | D:1      | 840 ||| READING scroll labelled JEAL XISCHE.
   841 | D:1      | 841 ||| READING scroll labelled XUR XATOZITUTRYNG.
   841 | D:1      | Identified a scroll of acquirement
   841 | D:1      | 841 ||| ACQUIRING 1291 gold pieces
   841 | D:1      | Acquired 1291 gold pieces
   843 | D:1      | 843 ||| DROPPING scroll of butterflies.
   845 | D:1      | 845 ||| Stepping ~*~*~tactically~*~*~ (cloud).
   848 | D:1      | HP: 5/20 [poisoned by you (poison gas)]
   852 | D:1      | HP: 2/20 [poisoned by you (poison gas)]
   983 | D:2      | Found a faded altar of an unknown god.
   990 | D:2      | 990 ||| READING scroll of enchant weapon.
   990 | D:2      | 990 ||| ENCHANTING +1 shortbow.
  1024 | D:2      | Reached skill level 7 in Ranged Weapons
  1343 | D:2      | 1343 ||| DROPPING ring of magical power.
  1344 | D:2      | 1344 ||| READING scroll labelled PEPARA KEKE.
  1345 | D:2      | 1345 ||| READING scroll labelled VAXKYE PUNO.
  1346 | D:2      | 1346 ||| READING scroll labelled SAPTO RUSA.
  1368 | D:3      | Reached XP level 4. HP: 25/25 MP: 6/6
  1412 | D:3      | Reached skill level 8 in Ranged Weapons
  1425 | D:3      | Found a glowing golden altar of the Shining One.
  1473 | D:3      | Found a blossoming altar of Fedhas.
  1477 | D:3      | Identified the +6 flail of Doom {heavy, rC+ Will+ Stlth+}
  1637 | D:3      | Found a runed translucent door.
  1639 | D:3      | Noticed qw's ghost (amateur DEHu)
  1687 | D:3      | Reached skill level 3 in Dodging
  1687 | D:3      | Reached XP level 5. HP: 29/29 MP: 7/7
  1781 | D:3      | 1781 ||| UPGRADING to +0 ring mail.
  1791 | D:3      | 1791 ||| DROPPING +0 leather armour.
  1792 | D:3      | 1792 ||| READING 2 scrolls labelled AKEXZO TUME ESYFU.
  1793 | D:3      | 1793 ||| DRINKING 2 fizzy white potions.
  1794 | D:3      | 1794 ||| DROPPING potion of attraction.
  2148 | D:4      | Reached skill level 9 in Ranged Weapons
  2231 | D:4      | Reached XP level 6. HP: 35/35 MP: 8/8
  2312 | D:4      | Noticed an ice beast
  2323 | D:4      | HP: 7/35 [ice beast (14)]
  2329 | D:4      | Killed an ice beast
  2477 | D:4      | Found a staircase to the Ecumenical Temple.
  2478 | D:4      | 2478 ||| PLANNING TEMPLE
  2478 | D:4      | 2478 ||| UPGRADING to +4 ring of protection.
  2479 | D:4      | 2479 ||| READING 2 scrolls of identify.
  2479 | D:4      | 2479 ||| IDENTIFYING pink potion
  2488 | Temple   | Entered the Ecumenical Temple
  2630 | Temple   | 2630 ||| PLANNING OKAWARU WORSHIP
  2707 | Temple   | Became a worshipper of Warmaster Okawaru
  2708 | Temple   | 2708 ||| PLANNING D:1-11
  2952 | D:4      | You fall into a shaft and drop 2 floors!
  2953 | D:6      | 2953 ||| PLANNING SEWER
  3020 | D:6      | Reached skill level 10 in Ranged Weapons
  3020 | D:6      | Reached XP level 7. HP: 40/40 MP: 9/9
  3029 | D:6      | Identified the +0 spear of Destiny {flame, rF+ Will+ Str+3}
  3440 | D:6      | Found a glowing drain.
  3467 | D:6      | 3467 ||| UPGRADING to +0 helmet.
  3472 | D:6      | 3472 ||| UPGRADING to amulet of regeneration.
  3477 | D:6      | 3477 ||| READING 2 scrolls of identify.
  3477 | D:6      | 3477 ||| IDENTIFYING emerald potion
  3478 | D:6      | 3478 ||| DROPPING potion of brilliance.
  3503 | Sewer    | Entered a sewer
  3508 | Sewer    | Reached skill level 11 in Ranged Weapons
  3576 | Sewer    | 3576 ||| Stepping ~*~*~tactically~*~*~ (water).
  3584 | Sewer    | Reached * piety under Okawaru
  3585 | Sewer    | Reached skill level 1 in Armour
  3587 | Sewer    | 3587 ||| Stepping ~*~*~tactically~*~*~ (water).
  3601 | Sewer    | Reached skill level 1 in Invocations
  3618 | Sewer    | Found a glowing silver altar of Zin.
  3662 | D:6      | 3662 ||| PLANNING D:1-11
  3686 | D:5      | Entered Level 5 of the Dungeon
  3760 | D:5      | 3760 ||| DROPPING ring of positive energy.
  3864 | D:4      | Found a radiant altar of Vehumet.
  3928 | D:5      | Reached XP level 8. HP: 45/45 MP: 10/12
  3962 | D:5      | Reached skill level 3 in Invocations
  4009 | D:5      | 4009 ||| INVOKING Heroism.
  4317 | D:5      | 4317 ||| INVOKING Heroism.
  4328 | D:5      | Reached skill level 12 in Ranged Weapons
  4363 | D:5      | 4363 ||| INVOKING Heroism.
  4368 | D:5      | Reached skill level 3 in Fighting
  4369 | D:5      | 4369 ||| DRINKING 4 potions of curing.
  4369 | D:5      | 4369 ||| (to cure confusion)
  4467 | D:5      | 4467 ||| DRINKING 2 smoky brown potions.
  4573 | D:6      | 4573 ||| READING 4 scrolls of identify.
  4573 | D:6      | 4573 ||| IDENTIFYING metallic purple potion
  4574 | D:6      | 4574 ||| DROPPING potion of invisibility.
  4588 | D:7      | Noticed Pikel
  4589 | D:7      | 4589 ||| INVOKING Heroism.
  4603 | D:7      | Paralysed by Pikel for 3 turns
  4607 | D:7      | 4607 ||| STAIRDANCE
  4612 | D:6      | HP: 7/46 [lemure[Pikel] (6)]
  4613 | D:6      | 4613 ||| DRINKING potion of heal wounds.
  4616 | D:6      | 4616 ||| INVOKING Heroism.
  4617 | D:6      | Killed Pikel
  4618 | D:6      | Reached skill level 13 in Ranged Weapons
  4618 | D:6      | Reached XP level 9. HP: 29/50 MP: 11/14
  4643 | D:7      | 4643 ||| STAIRDANCE
  4666 | D:7      | 4666 ||| READING scroll of enchant weapon.
  4666 | D:7      | 4666 ||| ENCHANTING +2 shortbow.
  4698 | D:7      | 4698 ||| INVOKING Heroism.
  4700 | D:7      | 4700 ||| Stepping ~*~*~tactically~*~*~ (outnumbered).
  4707 | D:7      | 4707 ||| Stepping ~*~*~tactically~*~*~ (outnumbered).
  4782 | D:7      | 4782 ||| INVOKING Heroism.
  4794 | D:7      | Reached skill level 14 in Ranged Weapons
  4870 | D:7      | Reached skill level 6 in Dodging
  5078 | D:7      | 5078 ||| READING scroll labelled FORAROQOWN.
  5079 | D:7      | 5079 ||| READING scroll labelled ERPHOT IQOBBU.
  5080 | D:7      | 5080 ||| READING scroll labelled NENUT QUKKESASE.
  5081 | D:7      | 5081 ||| READING 4 scrolls of identify.
  5081 | D:7      | 5081 ||| IDENTIFYING fuming blue potion
  5103 | D:8      | 5103 ||| INVOKING Heroism.
  5122 | D:8      | 5122 ||| STAIRDANCE
  5165 | D:8      | 5165 ||| INVOKING Heroism.
  5199 | D:8      | 5199 ||| INVOKING Heroism.
  5204 | D:8      | HP: 13/52 [yak (6)]
  5205 | D:8      | HP: 2/52 [yak (11)]
  5209 | D:8      | Slain by a yak

Levels and vault maps discovered:
D:1:      roderic_octagonal_star, layout_loops_ring, serial_shops,
          nicolae_shop_back_alley_shop, kennysheep_decorative_pillar,
          minmay_misc_feat_x
D:2:      layout_rooms, basic_ecumenical_altar
D:3:      layout_rooms, mainiacjoe_overflow_tiny_flanked,
          nicolae_tso_besieged_by_evil, ebering_ghost_sewer_d
D:4:      cheibrodos_fertilizer, layout_loops_ring,
          mainiacjoe_overflow_alcove_2, minmay_temple_entry_nine_rooms
D:5:      layout_basic
D:6:      layout_rooms, gup_sewer_entry_glass
D:7:      layout_rooms, minmay_misc_feat_more_columns, uniq_pikel
D:8:      layout_loops_cross, uniq_psyche
Temple:   regret_index_temple_generic_petals

Skill      XL: |  1  2  3  4  5  6  7  8  9 |
---------------+----------------------------+-----
Ranged Weapons | 6 7 8 9 10 11 13 14 | 14.0
Dodging        | 3 4 7 |  7.0
Fighting       | 2 3 4 |  4.4
Armour         | 1 |  1.5
Invocations    | 2 4 |  4.0
Stealth        | |  1.2

Action                     |  1- 3 |  4- 6 |  7- 9 || total
---------------------------+-------+-------+-------++-------
   Fire: Shortbow          |   123 |   166 |   320 ||   609
 Invoke: Heroism           |       |       |    10 ||    10
    Use: Scroll            |     7 |     2 |     7 ||    16
         Potion            |       |     1 |     3 ||     4
 Armour: Leather armour    |    12 |       |       ||    12
         Ring mail         |       |    15 |    36 ||    51
  Dodge: Dodged            |    35 |    28 |    85 ||   148

Table legend:
 A = Non-vault XP
 B = Vault XP
 C = Vault XP percentage of total XP
 D = Non-vault monster count
 E = Vault monster count
 F = Vault count percentage of total count
                 A         B        C        D         E       F
            +---------+---------+-------+---------+---------+-------
      Total |    3289 |    1050 |  24.2 |     133 |      43 |  24.4
            +---------+---------+-------+---------+---------+-------
        D:1 |      50 |       0 |   0.0 |      27 |       0 |   0.0
        D:2 |      42 |       0 |   0.0 |      15 |       0 |   0.0
        D:3 |      55 |      59 |  51.8 |      17 |      12 |  41.4
        D:4 |     323 |      72 |  18.2 |      17 |      16 |  48.5
        D:5 |     963 |       0 |   0.0 |      18 |       0 |   0.0
        D:6 |     333 |     680 |  67.1 |       9 |       4 |  30.8
        D:7 |     801 |       0 |   0.0 |      21 |       0 |   0.0
        D:8 |     722 |       0 |   0.0 |       9 |       0 |   0.0
      Sewer |       0 |     239 | 100.0 |       0 |      11 | 100.0
            +---------+---------+-------+---------+---------+-------
